AoeStats
← ElChupetometro

Arena

507383319Analyzed
4v4 RM · 14d ago on Sep 18, 2026· 29m 35s· 8 players
Game mode
Random Map
Map size
Large (8 player)
Population
200
Speed
Normal
Resources
Standard
Victory
Conquest
Starting age
Dark Age
Ending age
Imperial Age
RankedLock teamsTeams togetherTeam positionsShared explorationLock speedFull tech treeHidden civsTurbo modeCheats
Victory
Defeat
🇺🇸 Turks · United States
1079
+16
🇺🇸 Portuguese · United States
1077
+16
🇨🇦 Wei · Canada
1070
+16
🇧🇷 Goths · Brazil
1047
+17
🇦🇷 Britons · Argentina
1132
-18
🇦🇷 Bulgarians · Argentina
1108
-17
🇨🇳 Hindustanis · China
1056
-16
1016
-14
youtube.com/@Murkwilect
10:59 Feudal Age
15:39 Castle Age
13:36 Horse Collar
14:12 Double-Bit Axe
15:36 Wheelbarrow
16:55 Bow Saw
21:19 Loom
23:25 Bloodlines
23:24 Heavy Plow
24:10 Hand Cart
24:21 Scale Barding Armor
28:00 Chain Barding Armor
Chicken Shawarma
10:46 Feudal Age
14:54 Castle Age
13:54 Double-Bit Axe
14:44 Loom
19:31 Horse Collar
24:09 Wheelbarrow
23:39 Heavy Plow
TheBigWiff
13:35 Feudal Age
14:13 Double-Bit Axe
17:10 Castle Age
18:28 Horse Collar
21:22 Imperial Age
19:49 Padded Archer Armor
Hvala
3:48 Loom
11:18 Feudal Age
16:31 Castle Age
14:27 Horse Collar
15:07 Double-Bit Axe
16:53 Forging
17:18 Pikeman
23:12 Fletching
ML16798
0:31 Loom
10:35 Feudal Age
15:52 Castle Age
15:41 Double-Bit Axe
15:46 Horse Collar
15:56 Town Watch
17:49 Gold Mining
18:54 Fervor
§ El Rick más Rick §
7:18 Loom
10:30 Feudal Age
10:56 Double-Bit Axe
10:52 Horse Collar
16:46 Man-at-Arms
18:04 Forging
18:36 Wheelbarrow
21:35 Castle Age
19:29 Gold Mining
19:33 Stone Mining
20:24 Scale Mail Armor
21:17 Fletching
21:46 Long Swordsman
22:28 Squires
23:52 Husbandry
25:14 Heavy Plow
27:27 Scale Barding Armor
28:29 Bow Saw
28:33 Bloodlines
威力古德
10:59 Feudal Age
14:57 Castle Age
13:09 Double-Bit Axe
13:44 Horse Collar
23:28 Heavy Plow
23:53 Gold Mining
26:44 Gold Shaft Mining
26:24 Bow Saw
29:51 Imperial Age
27:14 Loom
ElChupetometro
7:39 Loom
9:59 Feudal Age
10:29 Double-Bit Axe
17:05 Castle Age
15:08 Horse Collar
18:38 Heavy Plow
18:32 Gold Mining
19:20 Wheelbarrow
18:31 Town Watch
18:58 Bow Saw
24:57 Hand Cart
24:41 Fletching
24:51 Padded Archer Armor
25:26 Elite Skirmisher
27:09 Ballistics
Connection lost

Rejoining the realm…

Still unreachable

The connection could not be restored.

Session expired

The server has moved on; the page needs a fresh start.